AoeStats
← Kiritastrich

Arena

506637828Analyzed
1v1 RM · 17d ago on Sep 14, 2026· 26m 56s· 2 players
Game mode
Random Map
Map size
Tiny (2 player)
Population
200
Speed
Normal
Resources
Standard
Victory
Conquest
Starting age
Dark Age
Ending age
Imperial Age
RankedLock teamsTeams togetherTeam positionsShared explorationLock speedFull tech treeHidden civsTurbo modeCheats
Victory
Defeat
🇷🇺 Wu · Russia
1852
+9
🇹🇼 Teutons · Taiwan
1700
-9
Kiritastrich
5:07 Loom
8:33 Feudal Age
17:44 Town Watch
21:41 Castle Age
20:45 Fletching
23:05 Bodkin Arrow
24:12 Double-Bit Axe
阿秋1
6:23 Loom
9:02 Feudal Age
14:03 Double-Bit Axe
18:27 Stone Mining
20:39 Castle Age
18:37 Horse Collar
20:10 Gold Mining
Connection lost

Rejoining the realm…

Still unreachable

The connection could not be restored.

Session expired

The server has moved on; the page needs a fresh start.